 Dungeon Crawl Stone Soup version 0.19-a0-1071-g4ed3155 (webtiles) character file.

431 Marenglen the Conjurer (level 7, -2/46 HPs)
             Began as a Human Wizard on Aug 5, 2016.
             Slain by a killer bee (5 damage)
             ... on level 4 of the Dungeon.
             The game lasted 00:12:58 (5038 turns).

Marenglen the Conjurer (Human Wizard)               Turns: 5038, Time: 00:12:59

Health: -2/46      AC:  4    Str: 13    XL:     7   Next: 19%
Magic:  7/11       EV: 17    Int: 20    God:
Gold:   146        SH:  0    Dex: 11    Spells: 4 memorised, 4 levels left

rFire  . . .     SeeInvis .     a - +3 flail (holy)
rCold  . . .     Gourm    .     r - +0 leather armour
rNeg   . . .     Faith    .     (no shield)
rPois  .         Spirit   .     k - +0 helmet
rElec  .         Dismiss  .     (no cloak)
rCorr  .         Reflect  .     (no gloves)
SustAt +         Harm     .     (no boots)
MR     .....                    (no amulet)
Stlth  +.........               e - ring of sustain attributes
                                m - +5 ring of evasion

@: mighty, lethally poisoned (-2 -> -9), very slightly contaminated
A: hooves 1
a: no special abilities


You were on level 4 of the Dungeon.
You were not hungry.

You visited 1 branch of the dungeon, and saw 5 of its levels.

You collected 146 gold pieces.

Inventory:

Hand Weapons
 a - a +3 flail of holy wrath (weapon)
Armour
 b - a +0 hat
 k - a +0 helmet (worn)
 n - a +0 robe
 r - a +0 leather armour (worn)
Jewellery
 e - a ring of sustain attributes (right hand)
 m - a +5 ring of evasion (left hand)
Scrolls
 h - a scroll of identify
 o - a scroll of amnesia
 t - 3 scrolls of remove curse
Books
 c - a book of Minor Magic

   Spells                             Type                      Level
   a - Magic Dart                     Conjuration                  1
   b - Blink                          Translocation                2
   c - Call Imp                       Summoning                    2
   d - Repel Missiles                 Charms/Air                   2
   e - Slow                           Hexes                        2
   f - Conjure Flame                  Conjuration/Fire             3
   g - Mephitic Cloud                 Conjuration/Poison/Air       3
 q - a book of Ice

   Spells                             Type                      Level
   a - Ice Form                       Ice/Transmutation            4
   b - Metabolic Englaciation         Hexes/Ice                    5
   c - Ozocubu's Refrigeration        Ice                          6
   d - Bolt of Cold                   Conjuration/Ice              6
   e - Freezing Cloud                 Conjuration/Ice/Air          6
   f - Simulacrum                     Ice/Necromancy               6
Comestibles
 d - 3 bread rations
 i - a fruit
 l - a slice of pizza
 s - a meat ration


   Skills:
 + Level 2.9 Maces & Flails
 - Level 3.2 Dodging
 - Level 2.0 Stealth
 - Level 3.0 Spellcasting
 - Level 4.1 Conjurations
 - Level 2.6 Summonings
 - Level 2.6 Translocations


You had 4 spell levels left.
You knew the following spells:

 Your Spells              Type           Power        Failure   Level  Hunger
a - Magic Dart            Conj           ###.         4%          1    None
b - Blink                 Tloc           N/A          12%         2    ##.....
c - Call Imp              Summ           ##......     12%         2    ##.....
d - Conjure Flame         Conj/Fire      ##......     28%         3    ###....


Dungeon Overview and Level Annotations

Branches:
Dungeon (5/15)
 Temple: D:4-7

Altars:
Ashenzari
Uskayaw
Xom
The Shining One

Annotations:
D:4 exclusion: killer bee


Innate Abilities, Weirdness & Mutations

You have large cloven feet.


Message History

* * * LOW HITPOINT WARNING * * *
You feel sick. The killer bee barely misses you. The killer bee stings you.
* * * LOW HITPOINT WARNING * * *
Unknown command.
You aren't carrying any potions.
As you read the scroll labeled XUTHUS DEAFF, it crumbles to dust.
The creatures around you are filled with an inner flame!
It was a scroll of immolation.
* * * LOW HITPOINT WARNING * * *
You feel sick. The killer bee closely misses you. x2
You hit the killer bee. Your kick misses the killer bee.
The killer bee is moderately wounded.
* * * LOW HITPOINT WARNING * * *
You feel sick. The killer bee barely misses you.
The killer bee closely misses you.
You closely miss the killer bee. Your kick misses the killer bee.
The killer bee is moderately wounded.
* * * LOW HITPOINT WARNING * * *
You feel sick. The killer bee completely misses you. The killer bee stings you.
You die...

#.....##
##.........####.....
#######
##.........###.....
# #.................
# #...............##
#..............##
#h.#########...#
#yh# ##..# #y## #..#
#@# ##.# #.# ##.#
#.# ##.## #.# ##.##
#.# #.## #.# ### ###


You could see 2 hounds and 2 killer bees.

Vanquished Creatures
  An ogre (D:3)
  An orc wizard (D:3)
  2 adders
  2 oozes
  A dart slug (D:1)
  6 giant geckos
  4 orcs
  A ball python (D:1)
  4 giant cockroaches
  11 goblins
  4 hobgoblins
  5 jackals
  3 kobolds
  3 quokkas
  8 bats
  3 giant newts
  7 rats
66 creatures vanquished.

Vanquished Creatures (collateral kills)
  Duvessa (D:4)
  An ogre (D:4)
  Dowan (D:4)
  A scorpion (D:4)
  2 orc priests (D:3)
  Ijyb (D:2)
  A worker ant (D:4)
  Robin (D:3)
  An ooze (D:3)
  A worm (D:2)
  6 orcs (D:3)
  A giant cockroach (D:2)
  7 goblins
  4 hobgoblins
  2 jackals (D:2)
  A kobold (D:2)
  3 quokkas
  A bat (D:3)
  2 giant newts
38 creatures vanquished.

Grand Total: 104 creatures vanquished

Notes
Turn   | Place    | Note
-------+----------+-------------------------------------------
     0 | D:1      | Marenglen the Human Wizard began the quest for the Orb.
     0 | D:1      | Reached XP level 1. HP: 13/13 MP: 4/4
   247 | D:1      | Reached skill level 2 in Conjurations
   247 | D:1      | Reached XP level 2. HP: 19/19 MP: 1/6
   745 | D:1      | Reached XP level 3. HP: 24/24 MP: 7/7
   760 | D:1      | Learned a level 2 spell: Blink
   763 | D:1      | Learned a level 2 spell: Call Imp
   767 | D:1      | Learned a level 3 spell: Conjure Flame
  1070 | D:2      | Reached skill level 3 in Conjurations
  1654 | D:2      | Found a hide-covered altar of Uskayaw.
  2074 | D:2      | Reached XP level 4. HP: 30/30 MP: 4/8
  2181 | D:2      | Noticed Ijyb
  2197 | D:2      | Killed Ijyb
  2625 | D:3      | Noticed Robin
  2636 | D:3      | Killed Robin
  2676 | D:3      | Reached XP level 5. HP: 17/35 MP: 3/9
  2869 | D:3      | Found a shimmering altar of Xom.
  3209 | D:3      | Noticed an ogre
  3521 | D:3      | Reached skill level 1 in Maces & Flails
  3521 | D:3      | Reached skill level 4 in Conjurations
  3957 | D:3      | Killed an ogre
  3957 | D:3      | Reached XP level 6. HP: 41/41 MP: 0/10
  4136 | D:3      | Found a shattered altar of Ashenzari.
  4172 | D:3      | Found a glowing golden altar of the Shining One.
  4227 | D:4      | Noticed an ogre
  4239 | D:4      | Killed an ogre
  4425 | D:4      | Noticed Duvessa
  4433 | D:4      | Noticed Dowan
  4446 | D:4      | Killed Duvessa
  4450 | D:4      | Killed Dowan
  4450 | D:4      | Reached XP level 7. HP: 29/46 MP: 1/11
  4925 | D:4      | Gained mutation: You have large cloven feet. [potion of beneficial mutation]
  4982 | D:5      | Entered Level 5 of the Dungeon
  5038 | D:4      | Slain by a killer bee

Vault maps used:
D:1:      minmay_arrival_radiant_lines
D:2:      lemuel_crystal_altar, uniq_iyjb
D:3:      xom_teletrap_fun, lemuel_crystal_altar,
          nicolae_tso_swordbearing_angel, uniq_robin
D:4:      minmay_misc_feat_plants, minmay_goblin_kobold_house, uniq_edmund,
          uniq_duvessa
D:5:      lemuel_doored_altar, first_bread, serial_shops, shop,
          nicolae_shop_crystal, shop, shop

Skill      XL: |  1  2  3  4  5  6 |
---------------+-------------------+-----
Conjurations   | 2 3 4 |  4.1
Summonings     | 2 |  2.6
Maces & Flails | 2 |  2.9
Translocations | 2 |  2.6
Dodging        | 3 |  3.2
Stealth        | |  2.0
Spellcasting   | |  3.0

Action                   |  1- 3 |  4- 6 |  7- 9 || total
-------------------------+-------+-------+-------++-------
Melee: Dagger            |   122 |    66 |       ||   188
       Flail             |       |    71 |    32 ||   103
       Kick              |       |       |     5 ||     5
 Cast: Magic Dart        |    25 |    17 |       ||    42
       Call Imp          |     8 |    31 |     3 ||    42
  Use: Scroll            |       |     4 |     6 ||    10
       Potion            |       |     2 |     2 ||     4
 Stab: Sleeping          |     3 |     1 |       ||     4
  Eat: Chunk             |     4 |     7 |     2 ||    13
       Royal jelly       |       |     1 |       ||     1
Armor: Robe              |    25 |     1 |       ||    26
       Leather armour    |       |    25 |     2 ||    27
Dodge: Dodged            |    98 |   147 |    67 ||   312
